 Dungeon Crawl Stone Soup version 0.19-a0-1932-g59670f6 (webtiles) character file.

9053 varam the Grappler (level 11, -8/105 HPs)
             Began as a Troll Monk on Oct 25, 2016.
             Was a High Priest of Okawaru.
             Mangled by Snorg (9 damage)
             ... on level 11 of the Dungeon.
             The game lasted 00:22:19 (8719 turns).

varam the Grappler (Troll Monk)                     Turns: 8719, Time: 00:22:20

Health: -8/105     AC:  7    Str: 20    XL:     11   Next: 18%
Magic:  8/10       EV: 20    Int:  8    God:    Okawaru [*****.]
Gold:   579        SH:  0    Dex: 14    Spells: 0 memorised, 10 levels left

rFire  + . .     SeeInvis .       - Unarmed
rCold  + . .     Gourm    +     q - +2 robe {rC+ rF+}
rNeg   . . .     Faith    .     (no shield)
rPois  .         Spirit   .     (helmet restricted)
rElec  +         Reflect  .     (no cloak)
rCorr  .         Harm     .     (gloves unavailable)
MR     .....                    (boots unavailable)
Stlth  +++.......               (no amulet)
                                (no ring)
                                z - +3 ring of evasion

@: heroism
A: unfitting armour, claws 3, clever 1, fast metabolism 3, gourmand, low mp 1,
sense surroundings 1, regeneration 1, shaggy fur 1, electricity resistance,
tough skin 2, weak 1
a: Heroism, Finesse, Renounce Religion


You were on level 11 of the Dungeon.
You worshipped Okawaru.
Okawaru was extremely pleased with you.
You were completely stuffed.

You visited 2 branches of the dungeon, and saw 12 of its levels.
You also visited: Sewer and Bailey.

You collected 579 gold pieces.

Inventory:

Missiles
 r - 223 stones
 L - 65 tomahawks of returning (quivered)
 N - 4 large rocks
 O - 12 tomahawks
Armour
 q - a +2 robe of resistance (worn)
Jewellery
 h - an uncursed ring of ice
 z - a +3 ring of evasion (left claw)
Wands
 w - a wand of lightning (3/15)
 C - a wand of digging (11/24)
Scrolls
 c - 3 scrolls of remove curse {@r2}
 d - 7 scrolls of magic mapping
 e - 6 scrolls of amnesia {unknown}
 g - 3 scrolls of teleportation {unknown}
 m - 4 scrolls of blinking
 p - 2 scrolls of fear {unknown}
 v - a scroll of identify {@r1}
 x - 3 scrolls of enchant weapon {unknown}
 y - 2 scrolls of random uselessness {unknown}
 A - a scroll of fog {unknown}
 B - a scroll of acquirement {unknown}
 D - 3 scrolls of immolation {unknown}
 E - a scroll of summoning {unknown}
 G - 3 scrolls of recharging {unknown}
 P - a scroll of noise {unknown}
 Q - a scroll of holy word {unknown}
 S - a scroll of enchant armour {unknown}
Potions
 f - 4 potions of berserk rage
 i - 4 potions of brilliance {unknown}
 n - 7 potions of lignification
 o - 2 potions of agility {unknown}
 s - 3 potions of flight {unknown}
 t - 13 potions of heal wounds
 F - 2 potions of curing {unknown}
 H - 5 potions of might
 I - 9 potions of magic {unknown}
 J - 3 potions of haste {unknown}
 K - a potion of ambrosia {unknown}
 M - 3 potions of beneficial mutation {unknown}
Miscellaneous
 u - a fan of gales
Comestibles
 a - 3 fruits
 b - 12 bread rations
 j - 3 beef jerkies
 k - 4 meat rations
 l - 2 royal jellies
 R - 7 chunks of flesh


   Skills:
 + Level 5.7(10.7) Fighting
 - Level 3.6(8.6) Throwing
 + Level 6.8(11.8) Dodging
 - Level 1.0(6.0) Stealth
 - Level 13.3(18.3) Unarmed Combat
 + Level 2.8 Invocations


You had 10 spell levels left.
You didn't know any spells.

Dungeon Overview and Level Annotations

Branches:
Dungeon (11/15)            Temple (1/1) D:4            Lair (0/6) D:8
    Orc (0/2) D:11

Altars:
Ashenzari
Cheibriados
Dithmenos
Elyvilon
Fedhas
Gozag
Hepliaklqana
Kikubaaqudgha
Makhleb
Nemelex Xobeh
Okawaru
Qazlal
Ru
Sif Muna
Trog
Uskayaw
Vehumet
Xom
Yredelemnul
Zin
The Shining One
Beogh

Shops:
D:7 (

Annotations:
D:11 Snorg


Innate Abilities, Weirdness & Mutations

You are too large for most types of armour.
You have claws for hands.
Your metabolism is lightning-fast.
You like to eat raw meat.
Your natural rate of healing is unusually fast.
You are covered in fur. (AC +1)
You have very tough skin. (AC +2)
Your mind is acute. (Int +2)
Your magical capacity is low. (-10% MP)
You passively map a small area around you.
You are resistant to electric shocks. (rElec)
You are weak. (Str -2)


Message History

Snorg goes berserk!
Snorg barely misses you. x2; Snorg claws you!
You scratch Snorg.
Snorg is lightly wounded.
Snorg misses you. Snorg claws you. x2; Snorg bites you! Snorg claws you!
Snorg closely misses you.
You hear a shout! x3
Snorg closely misses you. Snorg claws you! Snorg claws you!!
You hear a shout!
You gain the combat prowess of a mighty hero.
Snorg completely misses you. Snorg closely misses you. x2
Snorg barely misses you. Snorg claws you!!
* * * LOW HITPOINT WARNING * * *
Snorg closely misses you.
You mangle Snorg!!
Snorg is lightly wounded.
Snorg bites you!!
* * * LOW HITPOINT WARNING * * *
Snorg completely misses you. Snorg claws you!
You die...

* #. , #<..≈
#####.###### #
###§§
...........#.#
,,##≈§ , , ,
........#... ,
#≈≈§ ,
..........##.#
##§.§
.............#
#§≈.≈
........#.####
##≈..#
+.......T#.# *,*
#≈§.##
.......@#.# *,
#≈..##
........#.#
#≈≈..# *
#######.#.# *
#≈≈... * * ,
#.#.# * ##≈≈.. *
#.#.#### ##≈≈.
#.#....# #≈≈≈ * ,
* #.#....# ##≈≈ *
#.#....# ##≈
.######.#....####
##≈


You could see Snorg (berserk).

Vanquished Creatures
  Fannar (D:10)
  The ghost of ilikecats the Slicer, a journeyman OpAs of Sif Muna (D:9)
  The ghost of varam the Grappler, a novice TrMo of Okawaru (Bailey)
  A hill giant (D:10)
  2 molten gargoyles (D:11)
  2 komodo dragons (D:8)
  Prince Ribbit (D:6)
  The ghost of confidenceinterval the Spear-Bearer, an amateur MfGl (D:4)
  A spriggan (D:7)
  Sigmund (D:3)
  A steam dragon (D:8)
  A wyvern (D:9)
  A hungry ghost (D:7)
  A water moccasin (D:9)
  3 orc warriors
  2 sky beasts
  A phantom (D:6)
  5 ogres
  2 centaurs
  3 crocodiles (D:8)
  6 bullfrogs
  5 scorpions
  A wyvern skeleton (D:9)
  The ghost of p0werm0de the Ogre Mage, a weakling OgEn of Uskayaw (D:5)
  4 killer bees (D:9)
  3 wights (D:9)
  4 howler monkeys
  3 lava snakes (D:11)
  7 crimson imps
  A quasit (D:9)
  4 hounds
  A jelly (D:9)
  7 orc priests
  A centaur skeleton (D:10)
  2 bullfrog skeletons
  Ijyb (D:2)
  6 iguanas
  8 orc wizards
  8 worker ants
  2 hound zombies (D:6)
  A hound skeleton (D:5)
  2 worker ant zombies
  13 gnolls (Bailey)
  11 adders
  6 river rats
  2 shadow imps
  4 oozes
  2 adder skeletons
  3 worms (D:2)
  2 dart slugs (D:1)
  6 leopard geckos
  55 orcs
  11 bats
  4 giant cockroaches
  10 goblins
  14 hobgoblins
  6 jackals
  16 kobolds
  3 quokkas
  15 ball pythons
  8 frilled lizards
  2 quokka skeletons (D:5)
  34 rats
  A fungus (D:4)
338 creatures vanquished.

Vanquished Creatures (others)
  A fungus (D:4)
1 creature vanquished.

Grand Total: 339 creatures vanquished

Notes
Turn   | Place    | Note
-------+----------+-------------------------------------------
     0 | D:1      | varam the Troll Monk began the quest for the Orb.
     0 | D:1      | Reached XP level 1. HP: 22/22 MP: 0/0
    64 | D:1      | Reached XP level 2. HP: 29/29 MP: 1/1
   151 | D:1      | Reached skill level 4 in Unarmed Combat
   231 | D:2      | Reached XP level 3. HP: 36/36 MP: 2/2
   609 | D:2      | Noticed Ijyb
   622 | D:2      | Killed Ijyb
   622 | D:2      | Reached skill level 5 in Unarmed Combat
   622 | D:2      | Reached XP level 4. HP: 36/44 MP: 3/3
   793 | D:4      | Found a staircase to the Ecumenical Temple.
   802 | Temple   | Entered the Ecumenical Temple
   896 | Temple   | Became a worshipper of Warmaster Okawaru
   896 | Temple   | Reached * piety under Okawaru
   896 | Temple   | Reached ** piety under Okawaru
  1708 | D:3      | Found a glowing silver altar of Zin.
  1713 | D:3      | Found a sparkling altar of Nemelex Xobeh.
  1718 | D:3      | Found a hazy altar of Hepliaklqana.
  1809 | D:3      | Noticed Sigmund
  1823 | D:3      | Killed Sigmund
  1823 | D:3      | Reached skill level 6 in Unarmed Combat
  1823 | D:3      | Reached XP level 5. HP: 29/50 MP: 1/4
  2105 | D:4      | Reached XP level 6. HP: 59/59 MP: 5/5
  2161 | D:4      | Reached skill level 7 in Unarmed Combat
  2333 | D:4      | Noticed confidenceinterval's ghost (amateur MfGl)
  2345 | D:4      | Killed confidenceinterval's ghost
  2345 | D:4      | Reached *** piety under Okawaru
  2345 | D:4      | Reached skill level 8 in Unarmed Combat
  2345 | D:4      | Reached XP level 7. HP: 60/66 MP: 3/6
  2929 | D:5      | Entered Level 5 of the Dungeon
  2943 | D:5      | Reached **** piety under Okawaru
  2943 | D:5      | Reached skill level 9 in Unarmed Combat
  3246 | D:5      | Noticed p0werm0de's ghost (weakling OgEn)
  3255 | D:5      | Killed p0werm0de's ghost
  3261 | D:5      | Reached XP level 8. HP: 69/74 MP: 4/7
  3421 | D:6      | Reached skill level 10 in Unarmed Combat
  3701 | D:6      | Noticed Prince Ribbit
  3714 | D:6      | Killed Prince Ribbit
  3714 | D:6      | Reached skill level 11 in Unarmed Combat
  3808 | D:6      | Found a glowing drain.
  3823 | Sewer    | Entered a sewer
  4425 | D:6      | Reached XP level 9. HP: 42/80 MP: 5/8
  4426 | D:6      | Reached skill level 12 in Unarmed Combat
  4565 | D:6      | Reached ***** piety under Okawaru
  4626 | D:7      | Found Koigahe's Weapon Shop.
  4758 | D:7      | Found a flagged portal.
  4763 | Bailey   | Entered a bailey
  4908 | Bailey   | Noticed varam's ghost (novice TrMo)
  4982 | Bailey   | Killed varam's ghost
  4982 | Bailey   | Reached skill level 13 in Unarmed Combat
  5230 | Bailey   | Reached skill level 1 in Throwing
  5415 | D:7      | Gained mutation: Your mind is acute. (Int +2) [mutagenic meat]
  5416 | D:7      | Gained mutation: You are weak. (Str -2) [mutagenic meat]
  5424 | D:7      | Gained mutation: You are resistant to electric shocks. (rElec) [mutagenic meat]
  5425 | D:7      | Gained mutation: Your magical capacity is low. (-10% MP) [mutagenic meat]
  5427 | D:7      | Gained mutation: You passively map a small area around you. [mutagenic meat]
  5488 | D:7      | Received a gift from Okawaru
  6003 | D:7      | You fall through a shaft for 3 floors!
  6003 | D:10     | Entered Level 10 of the Dungeon
  6085 | D:9      | Noticed ilikecats's ghost (journeyman OpAs)
  6105 | D:9      | Killed ilikecats's ghost
  6105 | D:9      | Reached XP level 10. HP: 86/88 MP: 5/8
  6314 | D:8      | Reached skill level 5 in Dodging
  6760 | D:8      | Found a staircase to the Lair.
  6958 | D:8      | Found a shattered altar of Ashenzari.
  7366 | D:9      | Received a gift from Okawaru
  7785 | D:10     | Noticed Fannar
  7800 | D:10     | Killed Fannar
  7800 | D:10     | Reached skill level 5 in Fighting
  7800 | D:10     | Reached skill level 1 in Invocations
  7905 | D:10     | Noticed a hill giant
  7916 | D:10     | Killed a hill giant
  7916 | D:10     | Reached XP level 11. HP: 40/104 MP: 10/10
  8129 | D:10     | Found a roughly hewn altar of Beogh.
  8687 | D:11     | Found a staircase to the Orcish Mines.
  8711 | D:11     | Noticed Snorg
  8719 | D:11     | HP: 1/105 [Snorg (20)]
  8719 | D:11     | Mangled by Snorg

Vault maps used:
D:1:      nicolae_arrival_memento_mori
D:2:      feat_on_display, uniq_iyjb
D:3:      grunt_temple_overflow_diamond, first_bread, uniq_sigmund
D:4:      old_forge
D:5:      lemuel_another_geyser
D:6:      portal_sewer_entry_a, hangedman_decor_lopped, uniq_prince_ribbit1
D:7:      serial_shops, shop, enter_bailey_2, the_bakery
D:8:      evilmike_ruin_ashenzari, erik_lair_dragon
D:10:     special_room, uniq_fannar
D:11:     cheibrodos_magma_flow, orc_0_dummy, minmay_variable_closet,
          kennysheep_generic_room_11, uniq_snorg
Temple:   minmay_temple_bridge_d
Sewer:    sewer_minmay_w
Bailey:   bailey_axe_2, bailey

Skill      XL: |  1  2  3  4  5  6  7  8  9 10 |
---------------+-------------------------------+-----
Unarmed Combat | 4 5 6 8 9 11 13 | 13.3
Throwing       | 3 |  3.6
Dodging        | 4 6 |  6.8
Fighting       | 5 |  5.7
Invocations    | 2 |  2.8
Stealth        | |  1.0

Action                   |  1- 3 |  4- 6 |  7- 9 | 10-12 || total
-------------------------+-------+-------+-------+-------++-------
Melee: Unarmed           |    95 |   102 |   453 |   255 ||   905
       Punch             |     4 |     1 |    27 |    22 ||    54
       Double sword      |       |       |     1 |       ||     1
Throw: Tomahawk          |       |       |     3 |     7 ||    10
       Stone             |       |       |     2 |       ||     2
Invok: Heroism           |       |     2 |    14 |    11 ||    27
  Use: Scroll            |       |       |     4 |     5 ||     9
 Stab: Sleeping          |       |     1 |     4 |     1 ||     6
       Distracted        |       |       |     1 |       ||     1
  Eat: Chunk             |    11 |    16 |    42 |    29 ||    98
Armor: Robe              |    41 |    25 |   134 |    24 ||   224
Dodge: Dodged            |    67 |    45 |   388 |   141 ||   641
